 Dungeon Crawl Stone Soup version 0.27-a0-1529-g1e82c303ef (console) character file.

Game seed: 5532231424468954451

268 jejorda2 the Poker (level 6, -3/73 HPs)
             Began as a Merfolk Berserker on July 11, 2021.
             Was a Believer of Trog.
             Slain by an orc warrior (7 damage)
             ... on level 6 of the Dungeon.
             The game lasted 00:04:51 (3013 turns).

jejorda2 the Poker (Merfolk Berserker)              Turns: 3013, Time: 00:04:54

Health: -3/73      AC:  4    Str: 20    XL:     6   Next: 21%
Magic:  6/6        EV: 12    Int:  6    God:    Trog [**....]
Gold:   86         SH:  0    Dex: 13    Spells: 5/5 levels left

rFire    . . .     SeeInvis .   a - +0 halberd
rCold    . . .     Faith    +   (shield currently unavailable)
rNeg     . . .     Spirit   .   u - +0 leather armour
rPois    .         Reflect  .   (no helmet)
rElec    .         Harm     .   (no cloak)
rCorr    .         Rampage  .   f - +0 pair of gloves
Will     .....                  (no boots)
Stlth    ..........             m - amulet of faith
HPRegen  0.22/turn              (no ring)
MPRegen  0.10/turn              (no ring)

@: berserking (expiring), very quick
A: (nimble swimmer 2), mertail
a: Renounce Religion, Berserk, Trog's Hand


You were on level 6 of the Dungeon.
You worshipped Trog.
Trog was pleased with you.
You visited 1 branch of the dungeon, and saw 4 of its levels.

You collected 86 gold pieces.

Inventory:

Hand Weapons
 a - a +0 halberd (weapon)
 b - a +0 spear
Missiles
 s - 7 poisoned darts (quivered)
Armour
 f - a +0 pair of gloves (worn)
 u - a +0 leather armour (worn)
Jewellery
 m - an amulet of faith (around neck)
Wands
 k - a wand of polymorph (8)
Scrolls
 d - 9 scrolls of identify {unknown}
 e - a scroll of fear {unknown}
 g - a scroll of acquirement {unknown}
 i - 2 scrolls of teleportation {unknown}
 j - a scroll of holy word {unknown}
 l - 2 scrolls of summoning {unknown}
 o - a scroll of enchant weapon {unknown}
 q - a scroll of amnesia {unknown}
Potions
 c - a potion of invisibility {unknown}
 h - a potion of might {unknown}
 n - a potion of ambrosia {unknown}
 p - a potion of berserk rage {unknown}
 r - a potion of lignification {unknown}


   Skills:
 + Level 4.7 Fighting
 * Level 7.5 Polearms
 + Level 2.5 Armour
 - Level 2.6 Dodging


You had 5 spell levels left.
You didn't know any spells.
Your spell library was empty.

Dungeon Overview and Level Annotations

Branches:
Dungeon (3/15)

Altars:
Ru
The Shining One

Shops:
D:1 :


Innate Abilities, Weirdness & Mutations

((You are quick and stealthy near water. (Stealth+, EV+, Speed+++)))
Your lower body shifts to a powerful aquatic tail in water.


Message History

Press: ? - help, Dir - move target, f/p - orc warrior
Aim: an orc warrior, wielding a +0 trident and wearing a +0 chain mail (heavily wounded, about 48% to evade your +0 halberd)
You reach to attack!
You completely miss the orc warrior.
The orc warrior is heavily wounded.
The hound misses you.
The orc warrior hits you from afar with a +0 trident.
Reach: a) +0 halberd
Press: ? - help, Dir - move target, f/p - orc warrior
Aim: an orc warrior, wielding a +0 trident and wearing a +0 chain mail (heavily wounded, about 48% to evade your +0 halberd)
The hound is in the way.
You barely miss the hound. The hound barely misses you.
The orc warrior hits you but does no damage.
Reach: a) +0 halberd
Press: ? - help, Dir - move target, f/p - orc warrior
Aim: an orc warrior, wielding a +0 trident and wearing a +0 chain mail (heavily wounded, about 48% to evade your +0 halberd)
The hound is in the way.
You puncture the hound!
The hound is severely wounded.
The hound bites you. The hound barely misses you.
Reach: a) +0 halberd
Press: ? - help, Dir - move target, f/p - orc warrior
Aim: an orc warrior, wielding a +0 trident and wearing a +0 chain mail (heavily wounded, about 48% to evade your +0 halberd)
The hound is in the way.
You impale the hound!!
You kill the hound!
Trog accepts your kill.
The orc warrior hits you from afar with a +0 trident!
* * * LOW HITPOINT WARNING * * *
Reach: a) +0 halberd
Press: ? - help, Dir - move target, f/p - orc warrior
Aim: an orc warrior, wielding a +0 trident and wearing a +0 chain mail (heavily wounded, about 48% to evade your +0 halberd)
You reach to attack!
You closely miss the orc warrior.
The orc warrior is heavily wounded.
The orc warrior hits you from afar with a +0 trident.
* * * LOW HITPOINT WARNING * * *
Reach: a) +0 halberd
Press: ? - help, Dir - move target, f/p - orc warrior
Aim: an orc warrior, wielding a +0 trident and wearing a +0 chain mail (heavily wounded, about 48% to evade your +0 halberd)
You reach to attack!
You puncture the orc warrior!
The orc warrior is almost dead.
The orc warrior hits you from afar with a +0 trident!
You die...

#.# ###########.#
#### #.<......##.#
###..#
.........##.#
#....#
.........##.#
#.#.##
#.......##)####.#.#
#......##)#....#.#
#......##)#.####.#
#.####.)@...# #.#
#≈ #o##.### ##.#
####.# #..# #.#
##.## #.# ##..# #
#.###..## #(
#####.#...##
...#..##.........#
#..............#


You could see an orc warrior.

Vanquished Creatures
  A hound (D:6)
  A gnoll shaman (D:6)
  An orc priest (D:6)
  A centaur skeleton (D:6)
  An orc wizard (D:6)
  3 adders (D:2)
  3 gnolls (D:6)
  4 dart slugs
  2 orcs (D:6)
  6 bats
  4 endoplasms
  2 giant cockroaches
  3 goblins
  2 hobgoblins (D:2)
  11 jackals
  A quokka (D:1)
  8 ball pythons
  3 frilled lizards (D:2)
  5 kobolds
  4 rats
66 creatures vanquished.

Notes
Turn   | Place    | Note
-------+----------+-------------------------------------------
     0 | D:1      | jejorda2 the Merfolk Berserker began the quest for the Orb.
     0 | D:1      | Reached XP level 1. HP: 18/18 MP: 1/1
   101 | D:1      | Reached XP level 2. HP: 10/24 MP: 2/2
   505 | D:1      | Reached skill level 5 in Polearms
   707 | D:1      | Found Ketut's Book Boutique.
   732 | D:1      | Reached XP level 3. HP: 29/29 MP: 3/3
  1292 | D:1      | Reached ** piety under Trog
  1444 | D:2      | Found a glowing golden altar of the Shining One.
  1479 | D:2      | Reached XP level 4. HP: 36/37 MP: 4/4
  1646 | D:2      | Reached skill level 6 in Polearms
  1876 | D:2      | Found a faded altar of an unknown god.
  2329 | D:3      | Found a sacrificial altar of Ru.
  2406 | D:3      | You fall into a shaft and drop 3 floors!
  2426 | D:6      | Reached XP level 5. HP: 30/42 MP: 5/5
  2997 | D:6      | Reached skill level 7 in Polearms
  3001 | D:6      | Noticed an orc warrior
  3007 | D:6      | Reached XP level 6. HP: 40/49 MP: 6/6
  3013 | D:6      | Slain by an orc warrior

Illustrated notes

Levels and vault maps discovered:
D:1:      minmay_arrival_pointy, layout_basic, serial_shops,
          nicolae_shop_window_shopping, hex_medium, minivault_26
D:2:      layout_rooms, basic_altar, shapermc_ecumenical_altar_notcrosses,
          minmay_pentomino_s2
D:3:      minmay_chambers_of_twos, layout_rooms, lemuel_crystal_altar,
          hangedman_glass_teeth
D:6:      layout_rooms, hangedman_abyss_or_decor_lesser_grid,
          minmay_stone_trees_small, fountainhead, uniq_menkaure, uniq_duvessa,
          uniq_edmund

Skill      XL: |  1  2  3  4  5 |
---------------+----------------+-----
Polearms       | 5 6 7 |  7.5
Armour         | 2 |  2.5
Fighting       | 4 |  4.7
Dodging        | |  2.6

Action                   |  1- 3 |  4- 6 || total
-------------------------+-------+-------++-------
Melee: Spear             |   110 |    90 ||   200
       Halberd           |       |    26 ||    26
Throw: Dart              |       |     3 ||     3
Invok: Berserk           |     1 |     3 ||     4
       Trog's Hand       |       |     1 ||     1
 Stab: Sleeping          |     4 |     1 ||     5
Armor: Animal skin       |    16 |    21 ||    37
       Leather armour    |       |     1 ||     1
Dodge: Dodged            |    41 |    52 ||    93

Table legend: (Time is in decaauts)
 A = Elapsed time spent in this place.
 B = Non-inter-level travel time spent in this place.
 C = Inter-level travel time spent in this place.
 D = Time resting spent in this place.
 E = Time spent auto-exploring this place.
 F = Levels seen in this place.
 G = Mean time per level.
                   A        B        C        D        E       F      G
               +--------+--------+--------+--------+--------+-----+--------+
         Total |   3003 |   2922 |     81 |    410 |   2069 |   4 |  750.8 |
       Dungeon |   3003 |   2922 |     81 |    410 |   2069 |   4 |  750.8 |
               +--------+--------+--------+--------+--------+-----+--------+

Top non-repeatable levels by time:
     D:1: 1506 daAuts
     D:2: 758 daAuts
     D:6: 619 daAuts
     D:3: 119 daAuts
